 Dungeon Crawl Stone Soup version 0.29-a0-43-g62a80824bf (webtiles) character file.

Game seed: 15407386371929953722

20 belegose the Skirmisher (level 2, 0/24 HPs)
             Began as a Demonspawn Cinder Acolyte on Feb 2, 2022.
             Was a High Priest of Ignis.
             Slain by a gnoll shaman (5 damage)
             ... on level 1 of the Dungeon.
             The game lasted 00:03:47 (1801 turns).

belegose the Skirmisher (Demonspawn Cinder Acolyte) Turns: 1801, Time: 00:03:47

Health: 0/24       AC: 14    Str: 14    XL:     2   Next: 58%
Magic:  3/3        EV: 10    Int: 15    God:    Ignis [*****.]
Gold:   50         SH:  0    Dex:  8    Spells: 3/3 levels left

rFire   + . .      SeeInvis .   a - -1 mace (flame)
rCold   . . .      Faith    .   (no shield)
rNeg    . . .      Spirit   .   h - +0 ring mail
rPois   .          Reflect  .   (no helmet)
rElec   .          Harm     .   (no cloak)
rCorr   .          Rampage  .   (no gloves)
Will    .....                   (no boots)
Stlth   ..........              (no amulet)
HPRegen 0.08/turn               (no ring)
MPRegen 0.08/turn               (no ring)

@: fiery-armoured
A: thin metallic scales 1
a: Renounce Religion, Fiery Armour, Foxfire Swarm, Rising Flame


You were on level 1 of the Dungeon.
You worshipped Ignis.
Ignis was extremely pleased with you.
You visited 1 branch of the dungeon, and saw 2 of its levels.

You collected 74 gold pieces.
You spent 24 gold pieces at shops.

Inventory:

Hand Weapons
 a - a -1 mace of flaming (weapon)
Missiles
 b - 14 sling bullets
 e - 22 stones (quivered)
 i - 26 bolts
Armour
 f - the +1 helmet "Yddenikh" {+Blink Will- Regen+ Dex+4}
   (You found it on level 2 of the Dungeon)

   Dex:       It affects your dexterity (+4).
   +Blink:    It lets you blink.
   Regen:     It increases your rate of health regeneration.
   Will:      It decreases your willpower.
 h - a +0 ring mail (worn)
Scrolls
 d - a scroll of fog
 g - a scroll of torment {unknown}
 j - a scroll of noise {unknown}
 l - a scroll of magic mapping {unknown}
Potions
 c - a potion of resistance {unknown}
 k - a potion of mutation {unknown}
 m - a potion of heal wounds {unknown}


   Skills:
 + Level 3.2 Fighting
 + Level 2.9 Maces & Flails
 + Level 0.9 Armour
 + Level 0.8 Dodging
 - Level 1.0 Spellcasting
 - Level 2.6 Fire Magic


You had 3 spell levels left.
You didn't know any spells.
Your spell library contained the following spells:

 Spells                   Type           Power      Damage    Failure   Level
 Scorch                   Fire           16%        2d6       26%         2
 Summon Guardian Golem    Hex/Summ       0%         N/A       83%         3
 Summon Forest            Summ/Tloc      0%         N/A       100%        5
 Eringya's Noxious Bog    Tmut/Pois      0%         N/A       100%        6
 Orb of Destruction       Conj           0%         9d5       100%        7
 Spellforged Servitor     Conj/Summ      0%         N/A       100%        7
 Summon Hydra             Summ           0%         N/A       100%        7


Dungeon Overview and Level Annotations

Branches:
Dungeon (2/15)

Altars:

Shops:
D:1 *


Innate Abilities, Weirdness & Mutations

You are partially covered in thin metallic scales. (AC +2)


Message History

You hear a shout!
Throw: 24 stones
Press: ? - help, Q - select action Shift-Dir - straight line, f/p - gnoll shaman
Aim: a gnoll shaman, wielding a +0 whip and wearing a +0 leather armour (58% to hit)
You throw a stone.
The stone hits the gnoll shaman but does no damage.
A gnoll comes into view. It is wielding a +0 halberd.
Throw: 23 stones
Press: ? - help, Q - select action Shift-Dir - straight line, f/p - gnoll shaman
Aim: a gnoll shaman, wielding a +0 whip and wearing a +0 leather armour (58% to hit)
You throw a stone.
The stone hits the gnoll shaman but does no damage.
The gnoll shaman hits you with a +0 whip.
A mysterious force pulls you upwards. The hatch slams shut behind you.
You are no longer glowing.
Unknown command.
You sock the gnoll shaman! You burn the gnoll shaman.
The gnoll shaman is heavily wounded.
The gnoll shaman hits you with a +0 whip.
You hit the gnoll shaman but do no damage.
The gnoll shaman is heavily wounded.
The gnoll shaman completely misses you.
You hit the gnoll shaman but do no damage.
You punch the gnoll shaman, but do no damage.
The gnoll shaman is heavily wounded.
The gnoll shaman hits you with a +0 whip!
The gnoll shaman hits you with a +0 whip.
You closely miss the gnoll shaman.
The gnoll shaman is heavily wounded.
The gnoll shaman hits you with a +0 whip.
* * * LOW HITPOINT WARNING * * *
A protective cloak of flame settles atop you.
The gnoll shaman barely misses you.
You hit the gnoll shaman. You burn the gnoll shaman.
The gnoll shaman is severely wounded.
The gnoll shaman barely misses you.
You hit the gnoll shaman but do no damage.
The gnoll shaman is severely wounded.
The gnoll shaman hits you with a +0 whip.
You die...

..........# #.# #.#.####.##
#.####### ###.# #.#
#.......# ###.# ##+##
#.#####.# ....###...##
#.#####.# ######.....###
##....##.# # ##........#
##..##.##.#
####......##.####...##.##.#
...'.....##...##@....#.##.#
####.....#..≈..#.g........#
# ##......≈≈≈...#.###.####
##...#..≈..#####...#
##..##...## #.### ##'###.##
#.# ########.##..# #.#
.......#.##.## #.#
###.........# #.#


You could see a gnoll shaman.

Vanquished Creatures
  2 ball pythons (D:1)
  4 endoplasms (D:1)
  A giant cockroach (D:2)
  A goblin (D:2)
  2 hobgoblins (D:1)
  A quokka (D:1)
  2 frilled lizards (D:1)
  3 kobolds
  3 rats
19 creatures vanquished.

Notes
Turn   | Place    | Note
-------+----------+-------------------------------------------
     0 | D:1      | belegose the Demonspawn Cinder Acolyte began the quest for
                  | the Orb.
     0 | D:1      | Reached XP level 1. HP: 18/18 MP: 2/2
    10 | D:1      | Found Weikhi's General Store.
   537 | D:1      | Gained mutation: You are partially covered in thin metallic
                  | scales. (AC +2) [demonic ancestry]
   537 | D:1      | Reached XP level 2. HP: 20/24 MP: 3/3
  1153 | D:1      | Bought a scroll of identify for 24 gold pieces
  1262 | D:2      | Identified the +1 helmet "Yddenikh" {+Blink Will- Regen+
                  | Dex+4}
  1801 | D:1      | Slain by a gnoll shaman

Illustrated notes

Levels and vault maps discovered:
D:1:      minmay_arrival_three_doors, layout_loops_corners, serial_shops,
          nicolae_shop_trees, amcnicky_mini_pool_small, st_stairs_9
D:2:      layout_loops_corners, serial_glass, glass_columns_c, glass_columns_b,
          uniq_natasha

Action                   || total
-------------------------++-------
Melee: Mace              ||    53
       Punch             ||     1
Throw: Stone             ||     6
Invok: Fiery Armour      ||     1
  Use: Scroll            ||     2
 Stab: Sleeping          ||     1
Armor: Ring mail         ||    17
       Robe              ||     1
Dodge: Dodged            ||    27

Table legend: (Time is in decaauts)
 A = Elapsed time spent in this place.
 B = Non-inter-level travel time spent in this place.
 C = Inter-level travel time spent in this place.
 D = Time resting spent in this place.
 E = Time spent auto-exploring this place.
 F = Levels seen in this place.
 G = Mean time per level.
                   A        B        C        D        E       F      G
               +--------+--------+--------+--------+--------+-----+--------+
         Total |   1818 |   1653 |    165 |     45 |   1324 |   2 |  909.0 |
       Dungeon |   1818 |   1653 |    165 |     45 |   1324 |   2 |  909.0 |
               +--------+--------+--------+--------+--------+-----+--------+

Top non-repeatable levels by time:
     D:1: 1196 daAuts
     D:2: 622 daAuts
